 Dungeon Crawl Stone Soup version 0.27.1-33-g824d729ab1 (webtiles) character file.

Game seed: 4465457000314040776

40 Holzbalken the Insei (level 3, -1/27 HPs)
             Began as a Djinni Transmuter on Nov 28, 2021.
             Slain by a jackal (2 damage)
             ... on level 3 of the Dungeon.
             The game lasted 00:06:05 (1898 turns).

Holzbalken the Insei (Djinni Transmuter)            Turns: 1898, Time: 00:06:05

Health: -1/27      AC:  2    Str: 10    XL:     3   Next: 72%
Gold:   71         EV: 12    Int: 14    God:
                   SH:  0    Dex: 13

rFire    + + .     SeeInvis .     - Unarmed
rCold    x . .     Faith    .   (no shield)
rNeg     . . .     Spirit   .   a - +0 robe
rPois    ∞         Reflect  .   (no helmet)
rElec    .         Harm     .   (no cloak)
rCorr    .         Rampage  .   (no gloves)
Will     .....                  (boots unavailable)
Stlth    +.........             (no amulet)
HPRegen  0.09/turn              (no ring)
MPRegen  0.00/turn              (no ring)

@: flying
A: sickness immunity, fire resistance 2, cold vulnerability 1, float, innate
caster, hp casting, extra vitality 1
a: no special abilities


You were on level 3 of the Dungeon.
You visited 1 branch of the dungeon, and saw 3 of its levels.

You collected 71 gold pieces.

Inventory:

Armour
 a - a +0 robe (worn)
Jewellery
 b - a ring of resist corrosion
Scrolls
 c - 2 scrolls of fog {unknown}
 f - a scroll of enchant armour {unknown}
Potions
 d - a potion of curing {unknown}
 e - a potion of brilliance {unknown}
 g - a potion of cancellation {unknown}


   Skills:
 + Level 1.1 Fighting
 + Level 2.5 Dodging
 + Level 0.1 Stealth
 + Level 4.0 Unarmed Combat
 + Level 1.8 Spellcasting


You couldn't memorise any spells.
You knew the following spells:

 Your Spells              Type           Power      Damage    Failure   Level
a - Beastly Appendage     Tmut           12%        N/A       11%         1
b - Wereblood             Tmut           6%         N/A       17%         2
c - Spider Form           Tmut/Pois      3%         N/A       32%         3
d - Ice Form              Ice/Tmut       6%         N/A       73%         4
e - Pain                  Necr           24%        1d5       11%         1
Your spell library was empty.

Dungeon Overview and Level Annotations

Branches:
Dungeon (3/15)

Altars:


Innate Abilities, Weirdness & Mutations

You are immune to sickness and miasma.
You are immune to poison.
Your flesh is very heat resistant. (rF++)
You are vulnerable to cold. (rC-)
You float through the air rather than walking.
You learn spells naturally, not from books.
Your magical power is your life essence.
You have superior vitality. (+4 HP)


Message History

Unknown command.
Save game and exit?
Okay, then.
You are a level 3 Djinni Transmuter.
You are 72% of the way to level 4.
Play time: 00:05:35 (1869 turns).
Zot will find you in 16136 turns if you stay in this branch and explore no new floors.
Unknown command.
You remove your ring of resist corrosion.
Save game and exit?
Welcome back, Holzbalken the Djinni Transmuter.
Press ? for a list of commands and other information.
Your magical contamination has completely faded away.
You see here a +0 scale mail.
There is a stone staircase leading down here.
You can't go up here!
You fly downwards.
There is a stone staircase leading up here.
There is a stone staircase leading down here.
You fly downwards.
The jackal bites you. x2; The jackal misses you.
The jackal barely misses you. The gnoll hits you with a +0 club.
* * * LOW HITPOINT WARNING * * *
A gnoll comes into view. It is wielding a +0 spear.
The jackal bites you.
* * * LOW HITPOINT WARNING * * *
The jackal bites you.
* * * LOW HITPOINT WARNING * * *
There is a stone staircase leading up here.
There are monsters nearby!
Unknown command.
There are monsters nearby!
The gnoll shouts!
The endoplasm quivers.
You hear a shout!
The jackal barely misses you.
The jackal bites you but does no damage.
The jackal barely misses you. The gnoll closely misses you.
The jackal bites you.
* * * LOW HITPOINT WARNING * * *
The jackal bites you.
You die...

# #. g# ## .#
#. .# #. .#.
###.###g#######
..J.ggh@h......
..<.###h#####.#
. #.# #.# #..
#.. #.. #...


You could see 4 gnolls, an endoplasm and 3 jackals.

Vanquished Creatures
  A gnoll (D:1)
  An adder (D:2)
  2 endoplasms
  A giant cockroach (D:2)
  A goblin (D:1)
  A hobgoblin (D:1)
  2 jackals (D:1)
  3 kobolds
  2 quokkas (D:2)
  A ball python (D:1)
  2 bats
  A rat (D:1)
18 creatures vanquished.

Vanquished Creatures (others)
  2 fungi (D:2)
  8 plants (D:2)
10 creatures vanquished.

Grand Total: 28 creatures vanquished

Notes
Turn   | Place    | Note
-------+----------+-------------------------------------------
     0 | D:1      | Holzbalken the Djinni Transmuter began the quest for the
                  | Orb.
     0 | D:1      | Reached XP level 1. HP: 17/17 MP: 0/0
   243 | D:1      | Reached XP level 2. HP: 6/22 MP: 0/0
   836 | D:1      | Reached XP level 3. HP: 18/27 MP: 0/0
   836 | D:1      | Learned a level 1 spell: Pain
  1616 | D:2      | Reached skill level 4 in Unarmed Combat
  1897 | D:3      | HP: 1/27 [jackal (3)]
  1898 | D:3      | Slain by a jackal

Illustrated notes

Levels and vault maps discovered:
D:1:      eino_arrival_water_star, layout_loops_ring, serial_bayou_pond_e,
          minivault_24, st_stairs_4
D:2:      wad_lake_hut, layout_rooms, dreamdust_ecumenical_altar_grove,
          uniq_natasha, uniq_robin, uniq_sigmund, uniq_crazy_yiuf_cottage
D:3:      layout_loops_ring, uniq_ijyb

Skill      XL: |  1  2  3 |
---------------+----------+-----
Unarmed Combat | 4 |  4.0
Fighting       | |  1.1
Dodging        | |  2.5
Stealth        | |  0.1
Spellcasting   | |  1.8

Action                   || total
-------------------------++-------
Melee: Unarmed           ||    87
       Headbutt          ||     1
 Cast: Beastly Appendage ||     1
       Pain              ||     1
 Stab: Sleeping          ||     2
Armor: Robe              ||    17
Dodge: Dodged            ||    65
